 Dungeon Sprint DCSS version 0.30-a0-718-geaa24f58ff (webtiles) character file.

Game seed: 13587485885387543904

760 CrazyBamboolord the Grappler (level 7, -12/68 HPs)
             Began as a Ghoul Fighter on Jan 25, 2023.
             Was a Follower of Makhleb.
             Killed from afar by an acid dragon (25 damage)
             ... with a splash of acid
             ... in the Dungeon (Sprint IX: "|||||||||||||||||||||||||||||").
             The game lasted 00:02:37 (345 turns).

CrazyBamboolord the Grappler (Ghoul Fighter)         Turns: 345, Time: 00:02:37

Health: -12/68     AC:  6    Str: 22    XL:     7   Next: 80%
Magic:  8/9        EV: 12    Int:  6    God:    Makhleb [*.....]
Gold:   0          SH:  5    Dex:  8    Spells: 6/6 levels left

rFire   . . .      SeeInvis .      - Unarmed
rCold   + . .      Faith    .    b - +0 buckler
rNeg    + + +      Spirit   .    l - +2 ring mail
rPois   ∞          Reflect  .    (no helmet)
rElec   .          Harm     .    (no cloak)
rCorr   .          Rampage  .    k - +0 pair of gloves
Will    .....      NoTele   +    (no boots) Stlth
                                 (no amulet)
HPRegen 0.00/turn                m - +3 ring of intelligence
MPRegen 0.11/turn                n - +2 ring of evasion

@: corroded, inhibited regen
A: claws 1, cold resistance 1, negative energy resistance 3, inhibited
regeneration, torment resistance 2, devour on kill
a: Renounce Religion


You were in the Dungeon.
You worshipped Makhleb.
Makhleb was aware of your devotion.
You visited 1 branch

Inventory:

Armour
 a - a +0 scale mail
 b - a +0 buckler (worn)
 k - a +0 pair of gloves (worn)
 l - a +2 ring mail (worn)
Jewellery
 m - a +3 ring of intelligence (left hand)
 n - a +2 ring of evasion (right hand)
Wands
 j - a wand of light (5) (quivered)
Scrolls
 f - 2 scrolls of amnesia
 i - a scroll of blinking
Potions
 c - a potion of invisibility
 d - 2 potions of heal wounds
 e - 4 potions of curing
 g - 4 potions of magic
 h - a potion of berserk rage


   Skills:
 * Level 8.1 Fighting
 * Level 8.7 Armour
 + Level 1.2 Dodging
 * Level 7.2 Shields
 * Level 10.0 Unarmed Combat
 * Level 4.0 Invocations


You had 6 spell levels left.
You didn't know any spells.
Your spell library was empty.

Dungeon Overview and Level Annotations

Branches:
Dungeon (1/1)

Altars:
Cheibriados
Dithmenos
Fedhas
Gozag
Hepliaklqana
Kikubaaqudgha
Makhleb
Nemelex Xobeh
Okawaru
Qazlal
Ru
Sif Muna
Trog
Uskayaw
Vehumet
Wu Jian
Xom
Yredelemnul
Jiyva
Lugonu


Innate Abilities, Weirdness & Mutations

You are immune to poison.
You have sharp fingernails.
Your flesh is cold resistant. (rC+)
You are immune to negative energy. (rN+++)
You do not regenerate when monsters are visible.
You are immune to unholy pain and torment.
You thrive by killing the living.


Message History

The shadow barely misses you.
You punch the shadow!
You destroy the shadow!
Makhleb accepts your kill. The acid dragon spits acid at you.
The splash of acid hits you!
* * * LOW HITPOINT WARNING * * *
The acid corrodes you!
Your Fighting skill increases to level 8!
Your Shields skill increases to level 7!
Your Unarmed Combat skill increases to level 10!
Your Invocations skill increases to level 4!
Aiming: Bolt of Light
Press: ? - help, Q - select action Shift-Dir - straight line, f - acid dragon
Aim: an acid dragon (catching its breath, 71% to hit)
The bolt of light hits the acid dragon but does no damage.
The acid dragon is blinded.
Aiming: Bolt of Light
Press: ? - help, Q - select action Shift-Dir - straight line, f/p - acid dragon
Aim: an acid dragon (blind, catching its breath, 71% to hit)
The bolt of light hits the acid dragon!
The acid dragon is moderately wounded.
You punch the acid dragon!
The acid dragon is heavily wounded.
The acid dragon closely misses you. The acid dragon barely misses you.
You barely miss the acid dragon.
The acid dragon is heavily wounded.
You hit the acid dragon but do no damage.
The acid dragon is heavily wounded.
The acid dragon barely misses you. x2
You barely miss the acid dragon.
The acid dragon is heavily wounded.
The acid dragon bites you.
* * * LOW HITPOINT WARNING * * *
The acid dragon claws you but does no damage.
You hit the acid dragon but do no damage.
The acid dragon is heavily wounded.
The acid dragon spits acid at you. The splash of acid hits you!!
You die...

▓.▓
▓[▓
▓.▓
▓.▓
▓)▓
▓.▓
▓.▓
▓D▓
▓@▓
▓_▓
▓_▓
▓_▓
▓_▓
▓_▓
▓_▓
▓_▓
▓_▓


You could see an acid dragon (blind, catching breath).

Vanquished Creatures
  A hornet (D)
  A yak (D)
  A shadow (D)
  A kobold brigand (D)
  2 scorpions (D)
  A hound (D)
  An iguana (D)
  An orc wizard (D)
  An ufetubus (D)
  A goblin (D)
  A hobgoblin (D)
  A kobold (D)
  A bat (D)
  A frilled lizard (D)
15 creatures vanquished.

Notes
Turn   | Place    | Note
-------+----------+-------------------------------------------
     0 | D        | CrazyBamboolord the Ghoul Fighter began the quest for the
                  | Orb.
     0 | D        | Reached XP level 1. HP: 19/19 MP: 0/0
    20 | D        | Noticed a scorpion
    20 | D        | Noticed a hound
    20 | D        | Noticed a scorpion
    20 | D        | Noticed an iguana
    36 | D        | Killed an iguana
    37 | D        | Reached skill level 3 in Unarmed Combat
    37 | D        | Reached XP level 2. HP: 11/28 MP: 1/1
    37 | D        | Reached XP level 3. HP: 13/34 MP: 2/2
    54 | D        | Killed a scorpion
    55 | D        | Reached skill level 5 in Fighting
    55 | D        | Reached skill level 5 in Armour
    55 | D        | Reached skill level 4 in Unarmed Combat
    55 | D        | Reached XP level 4. HP: 7/44 MP: 3/3
    59 | D        | Reached skill level 5 in Unarmed Combat
    59 | D        | Reached XP level 5. HP: 13/50 MP: 4/4
    62 | D        | Reached skill level 5 in Shields
    62 | D        | Reached skill level 6 in Unarmed Combat
    71 | D        | Found a snail-covered altar of Cheibriados.
    71 | D        | Found a shadowy altar of Dithmenos.
    71 | D        | Found a blossoming altar of Fedhas.
    71 | D        | Found an opulent altar of Gozag.
    72 | D        | Found a hazy altar of Hepliaklqana.
    73 | D        | Found a viscous altar of Jiyva.
    74 | D        | Found an ancient bone altar of Kikubaaqudgha.
    75 | D        | Found a corrupted altar of Lugonu.
    76 | D        | Found a burning altar of Makhleb.
    77 | D        | Found a sparkling altar of Nemelex Xobeh.
    78 | D        | Found an iron altar of Okawaru.
    79 | D        | Found a stormy altar of Qazlal.
    80 | D        | Found a sacrificial altar of Ru.
    81 | D        | Found a shimmering blue altar of Sif Muna.
    82 | D        | Found a bloodstained altar of Trog.
    83 | D        | Found a hide-covered altar of Uskayaw.
    84 | D        | Became a worshipper of Makhleb the Destroyer
    85 | D        | Found a radiant altar of Vehumet.
    86 | D        | Found an ornate altar of the Wu Jian Council.
    87 | D        | Found a shimmering altar of Xom.
    88 | D        | Found a basalt altar of Yredelemnul.
   133 | D        | Noticed an acid dragon
   133 | D        | Noticed a shadow
   133 | D        | Noticed a hornet
   133 | D        | Noticed a yak
   133 | D        | Noticed a kobold brigand
   148 | D        | Killed a kobold brigand
   149 | D        | Reached skill level 1 in Invocations
   149 | D        | Reached XP level 6. HP: 31/60 MP: 4/6
   320 | D        | Killed a yak
   320 | D        | Reached * piety under Makhleb
   321 | D        | Reached skill level 1 in Dodging
   321 | D        | Reached skill level 8 in Unarmed Combat
   332 | D        | Killed a hornet
   333 | D        | Reached skill level 9 in Unarmed Combat
   333 | D        | Reached XP level 7. HP: 35/67 MP: 8/8
   338 | D        | Killed a shadow
   339 | D        | Reached skill level 10 in Unarmed Combat
   345 | D        | Killed from afar by an acid dragon

Illustrated notes

Levels and vault maps discovered:
D:        linesprint [early_d, line_temple, items_1, d_10, items_2, lair_1,
          lair_end, items_3, orc_1, orc_end, items_4, d_15, swamp_1, shoals_1,
          snake_1, spider_1, d_20, vaults_1, items_5, swamp_end, shoals_end,
          snake_end, spider_end, vaults_end, d_27, items_6, zot_1, zot_end,
          crypt_end, forest_end, elf_end, slime_end, tomb_end, abyss_end,
          pan_hell_end]

Skill      XL: |  1  2  3  4  5  6  7 |
---------------+----------------------+-----
Armour         | 4 5 7 8 |  8.7
Shields        | 3 4 5 6 7 |  7.2
Fighting       | 4 5 6 7 8 |  8.1
Unarmed Combat | 3 4 5 6 9 10 | 10.0
Invocations    | 1 3 4 |  4.0
Dodging        | 1 |  1.2

Action                     |  1- 3 |  4- 6 |  7- 9 || total
---------------------------+-------+-------+-------++-------
  Melee: Unarmed           |    37 |    44 |    10 ||    91
  Evoke: Wand              |       |     2 |     3 ||     5
    Use: Potion            |     4 |       |       ||     4
         Scroll            |       |     1 |       ||     1
   Stab: Invisible         |       |     1 |       ||     1
 Armour: Scale mail        |     9 |     1 |       ||    10
         Ring mail         |       |     1 |     1 ||     2
  Dodge: Dodged            |    10 |    18 |     5 ||    33
  Block: Buckler           |     5 |     7 |     1 ||    13

Table legend: (Time is in decaauts)
 A = Elapsed time spent in this place.
 B = Non-inter-level travel time spent in this place.
 C = Inter-level travel time spent in this place.
 D = Time resting spent in this place.
 E = Time spent auto-exploring this place.
 F = Levels seen in this place.
 G = Mean time per level.
                   A        B        C        D        E       F      G
               +--------+--------+--------+--------+--------+-----+--------+
         Total |    322 |    322 |      0 |    154 |      0 |   1 |  322.0 |
       Dungeon |    322 |    322 |      0 |    154 |      0 |   1 |  322.0 |
               +--------+--------+--------+--------+--------+-----+--------+

Top non-repeatable levels by time:
       D: 322 daAuts
